 Dungeon Crawl Stone Soup version 0.29-a0-613-gf2c431b9b9 (webtiles) character file.

Game seed: 11978838889867484413

5 moldycheese5 the Skirmisher (level 1, -3/18 HPs)
             Began as a Demonspawn Abyssal Knight on June 16, 2022.
             Was a Follower of Lugonu.
             Frozen to death by an endoplasm (5 damage)
             ... on level 1 of the Dungeon.
             The game lasted 00:00:47 (285 turns).

moldycheese5 the Skirmisher (DsAK)                   Turns: 285, Time: 00:00:48

Health: -3/18      AC: 10    Str: 13    XL:     1   Next: 66%
Magic:  2/2        EV:  3    Int: 11    God:    Lugonu [*.....]
Gold:   0          SH:  0    Dex: 13    Spells: 0/0 levels left

rFire   . . .      SeeInvis .     - Unarmed
rCold   . . .      Faith    .   (no shield)
rNeg    . . .      Spirit   .   d - +0 plate armour
rPois   .          Reflect  .   (no helmet)
rElec   .          Harm     .   (no cloak)
rCorr   .          Rampage  .   (no gloves)
Will    .....                   (no boots)
Stlth   ..........              (no amulet)
HPRegen 0.06/turn               (no ring)
MPRegen 0.08/turn               (no ring)

@: no status effects
A: no striking features
a: Renounce Religion, Depart the Abyss


You were on level 1 of the Dungeon.
You worshipped Lugonu.
Lugonu was aware of your devotion.
You visited 1 branch of the dungeon, and saw 1 of its levels.
You visited the Abyss 1 time.

Inventory:

Armour
 a - a +0 leather armour
 d - a +0 plate armour (worn)
Scrolls
 c - a scroll of immolation {unknown}
 e - 3 scrolls of enchant armour {unknown}
Potions
 b - a potion of flight {unknown}


   Skills:
 + Level 3.4 Fighting
 + Level 1.7 Armour
 + Level 0.8 Dodging
 + Level 1.7 Unarmed Combat
 + Level 2.4 Invocations


You couldn't memorise any spells.
You didn't know any spells.
Your spell library was empty.

Dungeon Overview and Level Annotations

Branches:
Dungeon (1/15)

Altars:


Message History

You are too injured to fight recklessly!
You closely miss the rat.
The rat is moderately wounded.
The hobgoblin hits you but does no damage.
The rat bites you but does no damage.
You closely miss the rat.
The rat is moderately wounded.
The hobgoblin hits you but does no damage.
The rat bites you.
You barely miss the rat.
The rat is moderately wounded.
The hobgoblin hits you but does no damage.
The rat barely misses you.
You hit the rat.
You kill the rat!
Lugonu accepts your kill.
The hobgoblin hits you but does no damage.
An endoplasm comes into view.
The endoplasm quivers.
The hobgoblin hits you but does no damage.
You see here a rat corpse.
Found a runed mace.
The hobgoblin hits you.
* * * LOW HITPOINT WARNING * * *
You hit the hobgoblin.
The hobgoblin is heavily wounded.
The hobgoblin hits you.
* * * LOW HITPOINT WARNING * * *
You hit the hobgoblin.
The hobgoblin is severely wounded.
The hobgoblin hits you.
* * * LOW HITPOINT WARNING * * *
You hit the hobgoblin but do no damage.
The hobgoblin is severely wounded.
The hobgoblin hits you but does no damage.
You hit the hobgoblin.
You kill the hobgoblin!
Lugonu accepts your kill. The endoplasm freezes you.
You are frozen.
You die...

###....#........†.
#....###........
#....###........
###...............
#.'...............
#.#............###
####'###########+#
#...††...#
#...@....#
#...J....#
#........#
#........#
#........#
#........#
#........#
#.).......


You could see an endoplasm.

Vanquished Creatures
  A ball python (D:1)
  A giant cockroach (D:1)
  2 hobgoblins (D:1)
  A frilled lizard (D:1)
  A rat (D:1)
6 creatures vanquished.

Notes
Turn   | Place    | Note
-------+----------+-------------------------------------------
     0 | Abyss:1  | moldycheese5 the Demonspawn Abyssal Knight began the quest
                  | for the Orb.
     0 | Abyss:1  | Reached XP level 1. HP: 18/18 MP: 2/2
    40 | D:1      | Escaped the Abyss
    56 | D:1      | Noticed an electric eel
    57 | D:1      | Noticed an electric eel
   285 | D:1      | Frozen to death by an endoplasm

Illustrated notes

Levels and vault maps discovered:
D:1:      arrival_aquarium_b, layout_basic, minmay_indecisive_spiral

Action                   || total
-------------------------++-------
Melee: Unarmed           ||    31
Invok: Depart the Abyss  ||     1
Armor: Plate armour      ||    24
       Leather armour    ||     3
Dodge: Dodged            ||     9

Table legend: (Time is in decaauts)
 A = Elapsed time spent in this place.
 B = Non-inter-level travel time spent in this place.
 C = Inter-level travel time spent in this place.
 D = Time resting spent in this place.
 E = Time spent auto-exploring this place.
 F = Levels seen in this place.
 G = Mean time per level.
                   A        B        C        D        E       F      G
               +--------+--------+--------+--------+--------+-----+--------+
         Total |    283 |    270 |     13 |      0 |    214 |   2 |  141.5 |
       Dungeon |    243 |    230 |     13 |      0 |    174 |   1 |  243.0 |
         Abyss |     40 |     40 |      0 |      0 |     40 |   1 |   40.0 |
               +--------+--------+--------+--------+--------+-----+--------+

Top non-repeatable levels by time:
     D:1: 243 daAuts
 Abyss:1: 40 daAuts
